 Dungeon Crawl Stone Soup version 0.19.1 (webtiles) character file.

53 empire the Grave Robber (level 3, -3/19 HPs)
             Began as a Deep Elf Necromancer on Dec 16, 2016.
             Slain by a centaur (9 damage)
             ... on level 3 of the Dungeon.
             The game lasted 00:03:33 (1901 turns).

empire the Grave Robber (Deep Elf Necromancer)      Turns: 1901, Time: 00:03:33

Health: -3/19      AC:  3    Str:  5    XL:     3   Next: 64%
Magic:  7/9        EV: 13    Int: 20    God:
Gold:   107        SH:  0    Dex: 15    Spells: 3 memorised, 1 level left

rFire  . . .     SeeInvis .     a - +2 whip (drain)
rCold  . . .     Gourm    .     e - +0 robe
rNeg   . . .     Faith    .     (no shield)
rPois  .         Spirit   .     (no helmet)
rElec  .         Reflect  .     (no cloak)
rCorr  .         Harm     .     k - +0 pair of gloves
MR     .....                    (no boots)
Stlth  ++........               (no amulet)
                                (no ring)
                                (no ring)

@: very slightly contaminated
A: no striking features
a: no special abilities


You were on level 3 of the Dungeon.
You were not hungry.

You visited 1 branch of the dungeon, and saw 3 of its levels.

You collected 107 gold pieces.

Inventory:

Hand Weapons
 a - a +2 whip of draining (weapon)
Missiles
 g - 21 arrows
Armour
 e - a +0 robe (worn)
 h - a +0 leather armour
 k - a +0 pair of gloves (worn)
Scrolls
 p - 2 scrolls of noise
Potions
 d - a potion of curing
 j - a potion of heal wounds {unknown}
 m - a potion of berserk rage {unknown}
 o - a potion of degeneration {unknown}
Books
 b - a book of Necromancy

   Spells                             Type                      Level
   a - Pain                           Necromancy                   1
   b - Animate Skeleton               Necromancy                   1
   c - Vampiric Draining              Necromancy                   3
   d - Regeneration                   Charms/Necromancy            3
   e - Animate Dead                   Necromancy                   4
   f - Control Undead                 Necromancy                   4
Comestibles
 c - 2 bread rations
 n - a beef jerky


   Skills:
 - Level 2.4 Dodging
 - Level 2.4 Stealth
 - Level 3.0 Spellcasting
 + Level 2.6 Charms
 - Level 6.0 Necromancy


You had one spell level left.
You knew the following spells:

 Your Spells              Type           Power        Failure   Level  Hunger
a - Pain                  Necr           ####         1%          1    None
b - Vampiric Draining     Necr           ####......   4%          3    ###....
c - Regeneration          Chrm/Necr      ###.......   10%         3    ###....


Dungeon Overview and Level Annotations

Branches:
Dungeon (3/15)

Altars:


Message History

The centaur shouts!
The centaur wields a runed shortbow.
It is covered in frost.
The centaur shoots an arrow.
The arrow hits you! The arrow freezes you.
The centaur unwields an uncursed shortbow of freezing.
The centaur misses you.
The centaur hits you but does no damage.
A quokka comes into view.
Casting: Pain
Confirm with . or Enter, or press ? or * to list all spells.
Aiming: Pain
Press: ? - help, Shift-Dir - straight line, f - centaur
Aim: a centaur (chance to defeat MR: 84%)
The centaur writhes in agony!
The centaur completely misses you.
Casting: Pain
Confirm with . or Enter, or press ? or * to list all spells.
Aiming: Pain
Press: ? - help, Shift-Dir - straight line, f/p - centaur
Aim: a centaur (lightly wounded, chance to defeat MR: 84%)
The centaur writhes in agony!
The centaur hits you!
You die...

#.......##
###........##
#...........#
#...........#.
#.............
#.........r..
#....<....#
#....(....#
#....†@...#
#......c><#
###########


You could see a centaur and a quokka.

Vanquished Creatures
  An adder (D:2)
  A worm (D:2)
  5 dart slugs
  2 leopard geckos (D:1)
  4 goblins
  A hobgoblin (D:1)
  4 kobolds
  A quokka (D:2)
  3 bats
  6 frilled lizards
  4 rats
32 creatures vanquished.

Notes
Turn   | Place    | Note
-------+----------+-------------------------------------------
     0 | D:1      | empire the Deep Elf Necromancer began the quest for the Orb.
     0 | D:1      | Reached XP level 1. HP: 10/10 MP: 6/6
    80 | D:1      | Reached skill level 5 in Necromancy
   236 | D:1      | Reached XP level 2. HP: 15/15 MP: 6/8
  1048 | D:2      | Reached skill level 6 in Necromancy
  1058 | D:2      | Reached XP level 3. HP: 19/19 MP: 9/9
  1063 | D:2      | Learned a level 3 spell: Vampiric Draining
  1067 | D:2      | Learned a level 3 spell: Regeneration
  1387 | D:2      | Reached skill level 1 in Charms
  1896 | D:3      | Noticed a centaur
  1901 | D:3      | Slain by a centaur

Skill      XL: |  1  2  3 |
---------------+----------+-----
Necromancy     | 5 6 |  6.0
Charms         | 2 |  2.6
Dodging        | |  2.4
Stealth        | |  2.4
Spellcasting   | |  3.0

Action                   || total
-------------------------++-------
Melee: Whip              ||    17
       Unarmed           ||     1
 Cast: Pain              ||    36
       Vampiric Draining ||     1
  Use: Scroll            ||     6
 Stab: Sleeping          ||     3
  Eat: Chunk             ||     3
Armor: Robe              ||     2
Dodge: Dodged            ||     8
